 Dungeon Crawl Stone Soup version 0.27-a0-1036-g8e1b44f6bd (webtiles) character file.

Game seed: 14145296372992458023

647 wakim the Poker (level 7, 0/54 HPs)
             Began as a Merfolk Gladiator on Apr 18, 2021.
             Was a Believer of Sif Muna.
             Slain by an ice beast (1 damage)
             ... on level 5 of the Dungeon.
             The game lasted 00:17:04 (6462 turns).

wakim the Poker (Merfolk Gladiator)                 Turns: 6462, Time: 00:17:05

Health: 0/54       AC:  5    Str: 14    XL:     7   Next: 52%
Magic:  7/7        EV: 11    Int: 12    God:    Sif Muna [**....]
Gold:   147        SH:  9    Dex: 17    Spells: 6/6 levels left

rFire    . . .     SeeInvis .   a - +0 trident (flame)
rCold    + . .     Faith    .   g - +0 kite shield
rNeg     . . .     Spirit   .   b - +0 leather armour
rPois    +         Reflect  .   c - +0 helmet
rElec    .         Harm     .   (no cloak)
rCorr    .         Rampage  .   (no gloves)
Will     .....                  l - +0 pair of boots
Stlth    ++++......             i - amulet of the acrobat
HPRegen  0.18/turn              h - ring of poison resistance
MPRegen  0.10/turn              e - ring of protection from cold

@: lethally poisoned (0 -> -15), attractive
A: (nimble swimmer 2), mertail, thin skeletal structure 1, clever 1,
deterioration 1
a: Renounce Religion, Channel Magic


You were on level 5 of the Dungeon.
You worshipped Sif Muna.
Sif Muna was pleased with you.
You visited 1 branch of the dungeon, and saw 5 of its levels.

You collected 243 gold pieces.
You spent 96 gold pieces at shops.

Inventory:

Hand Weapons
 a - a +0 trident of flaming (weapon)
Missiles
 d - 3 throwing nets (quivered) {=f!f}
Armour
 b - a +0 leather armour (worn)
 c - a +0 helmet (worn)
 g - a +0 kite shield (worn)
 k - a +0 scale mail of cold resistance
 l - a +0 pair of boots (worn)
Jewellery
 e - a ring of protection from cold (right hand)
 h - a ring of poison resistance (left hand)
 i - an amulet of the acrobat (around neck)
Scrolls
 T - a scroll of teleportation
Potions
 G - 2 potions of flight
 L - a potion of lignification {!q}
 N - a potion of might


   Skills:
 + Level 4.2 Fighting
 * Level 7.9 Polearms
 - Level 2.0 Throwing
 - Level 4.0 Dodging
 - Level 4.0 Stealth
 * Level 4.0 Shields


You had 6 spell levels left.
You didn't know any spells.
Your spell library was empty.

Dungeon Overview and Level Annotations

Branches:
Dungeon (5/15)
 Temple: D:4-7

Altars:
Sif Muna

Shops:
D:1 !   D:3 (*?


Innate Abilities, Weirdness & Mutations

((You are quick and stealthy near water. (Stealth+, EV+, Speed+++)))
Your lower body shifts to a powerful aquatic tail in water.
You have a somewhat thin skeletal structure. (Dex +2, Stealth+)
Your mind is acute. (Int +2)
Your body sometimes deteriorates upon taking damage.


Message History

Reach: a) +0 trident (flame)
Press: ? - help, Dir - move target, f/p - ice beast
Aim: an ice beast (moderately wounded, about 37% to evade your +0 trident of flaming)
You hit the ice beast but do no damage.
The ice beast is moderately wounded.
You feel sick. Something hits you but does no damage.
The ice beast hits you but does no damage.
Reach: a) +0 trident (flame)
Press: ? - help, Dir - move target, f/p - ice beast
Aim: an ice beast (moderately wounded, about 37% to evade your +0 trident of flaming)
You hit the ice beast but do no damage.
The ice beast is moderately wounded.
You feel sick. Something hits you but does no damage.
The ice beast hits you but does no damage.
It was a potion of attraction.
You feel attractive to monsters.
You feel sick. Something hits you.
* * * LOW HITPOINT WARNING * * *
You block the ice beast's attack.
It was a potion of mutation.
You feel extremely strange.
You feel yourself wasting away.
You feel clever.
Your bones become slightly less dense.
You feel sick.
You are no longer poisoned.
An orc wizard appears from thin air!
Reactivating autopickup.
The orc wizard hits you but does no damage.
The ice beast hits you but does no damage.
Really fire
d - 3 throwing nets {=f!f}?
You hit the orc wizard. You burn the orc wizard.
The orc wizard is almost dead.
You feel less wooden.
Your +0 helmet unmelds from your body.
Your +0 pair of boots unmelds from your body.
Your +0 leather armour unmelds from your body.
The orc wizard hits you with a +1 dagger of venom.
* * * LOW HITPOINT WARNING * * *
You are lethally poisoned!
The ice beast hits you.
You die...

.#...... ...........# .#.
##...... ...........# .. ##......
. ....###.#.## ... ##. ... ...
(##.###.#.##.... ....
....###..#####............. ##..
....(..g.g.<..##..#>.###...
###.###....########........##....
........##.......##..............
.[......##.....)@.............#..
................oY.........####
..............)............#
......o.##.................#
........##.................#
.........###....#..........#
########Y..).#####........##
####### #..........#
########..........#


You could see an ice beast and an orc wizard.

Vanquished Creatures
  A black bear (D:4)
  An ogre (D:4)
  A phantom (D:4)
  2 orc priests
  Jessica (D:3)
  A gnoll shaman (D:4)
  An orc wizard (D:4)
  A hound skeleton (D:5)
  10 gnolls
  6 adders
  A dart slug (D:3)
  10 orcs
  9 ball pythons
  5 endoplasms
  2 giant cockroaches (D:1)
  14 goblins
  9 hobgoblins
  11 kobolds
  3 quokkas
  6 bats
  2 frilled lizards (D:1)
  6 rats
103 creatures vanquished.

Notes
Turn   | Place    | Note
-------+----------+-------------------------------------------
     0 | D:1      | wakim the Merfolk Gladiator began the quest for the Orb.
     0 | D:1      | Reached XP level 1. HP: 16/16 MP: 1/1
    88 | D:1      | Reached skill level 1 in Stealth
   118 | D:1      | Reached XP level 2. HP: 23/23 MP: 2/2
   288 | D:1      | Found Sujyareech's Distillery.
   484 | D:1      | Reached skill level 5 in Polearms
   509 | D:1      | Reached XP level 3. HP: 28/28 MP: 3/3
  1594 | D:2      | Reached XP level 4. HP: 34/34 MP: 4/4
  1603 | D:2      | Reached skill level 1 in Shields
  2478 | D:2      | Found a faded altar of an unknown god.
  2483 | D:2      | Became a worshipper of Sif Muna the Loreminder
  2483 | D:2      | Reached * piety under Sif Muna
  3022 | D:3      | Found Biad's Magic Scroll Shop.
  3046 | D:3      | Reached XP level 5. HP: 40/40 MP: 5/5
  3070 | D:3      | Noticed Jessica
  3084 | D:3      | Killed Jessica
  3085 | D:3      | Reached skill level 6 in Polearms
  3781 | D:3      | Found Hevaynitt's Antique Weapon Boutique.
  3903 | D:3      | Found Daurot's Assorted Antiques.
  3906 | D:3      | Bought a scroll labelled VAF FUSHRIL for 32 gold pieces
  3906 | D:3      | Bought a scroll labelled ZOPOSIWOUL for 32 gold pieces
  3906 | D:3      | Bought a scroll labelled ZOPOSIWOUL for 32 gold pieces
  4700 | D:4      | Reached ** piety under Sif Muna
  4701 | D:4      | Reached XP level 6. HP: 47/47 MP: 6/6
  4766 | D:4      | Noticed a black bear
  4778 | D:4      | Killed a black bear
  5084 | D:4      | Reached skill level 7 in Polearms
  5569 | D:4      | Reached XP level 7. HP: 34/53 MP: 7/7
  6054 | D:5      | Entered Level 5 of the Dungeon
  6461 | D:5      | Gained mutation: Your body sometimes deteriorates upon
                  | taking damage. [potion of mutation]
  6461 | D:5      | Gained mutation: Your mind is acute. (Int +2) [potion of
                  | mutation]
  6461 | D:5      | Gained mutation: You have a somewhat thin skeletal
                  | structure. (Dex +2, Stealth+) [potion of mutation]
  6462 | D:5      | HP: 1/54 [orc wizard/+1 dagger of venom (5)]
  6462 | D:5      | Slain by an ice beast

Illustrated notes

Levels and vault maps discovered:
D:1:      lightli_arrival_windingriver, layout_loops_ring, serial_shops,
          shop_fountains, minmay_tetromino_i4
D:2:      layout_loops_cross, hellmonk_ecumenical_altar_heavens_door
D:3:      layout_loops_ring, serial_shops, nicolae_shop_behind_doors,
          nicolae_shop_overgrown_old_shop, shop, uniq_jessica
D:4:      black_bear_nest_2, layout_basic
D:5:      layout_rooms, minmay_strange_pillars

Skill      XL: |  1  2  3  4  5  6  7 |
---------------+----------------------+-----
Stealth        | 1 2 3 4 |  4.0
Polearms       | 5 6 7 |  7.9
Shields        | 1 2 3 4 |  4.0
Fighting       | 3 4 |  4.2
Throwing       | |  2.0
Dodging        | |  4.0

Action                   |  1- 3 |  4- 6 |  7- 9 || total
-------------------------+-------+-------+-------++-------
Melee: Trident           |   100 |   200 |    91 ||   391
  Use: Scroll            |     1 |     7 |     2 ||    10
       Potion            |       |       |     4 ||     4
 Stab: Sleeping          |     2 |     8 |     1 ||    11
       Distracted        |       |     1 |       ||     1
Armor: Leather armour    |    24 |    31 |    17 ||    72
       Scale mail        |       |     8 |       ||     8
       Skin              |       |       |    42 ||    42
Dodge: Dodged            |    54 |    68 |    19 ||   141
Block: Kite shield       |    14 |    71 |    28 ||   113

Table legend: (Time is in decaauts)
 A = Elapsed time spent in this place.
 B = Non-inter-level travel time spent in this place.
 C = Inter-level travel time spent in this place.
 D = Time resting spent in this place.
 E = Time spent auto-exploring this place.
 F = Levels seen in this place.
 G = Mean time per level.
                   A        B        C        D        E       F      G
               +--------+--------+--------+--------+--------+-----+--------+
         Total |   6530 |   6293 |    237 |    263 |   4618 |   5 | 1306.0 |
       Dungeon |   6530 |   6293 |    237 |    263 |   4618 |   5 | 1306.0 |
               +--------+--------+--------+--------+--------+-----+--------+

Top non-repeatable levels by time:
     D:4: 2057 daAuts
     D:1: 1704 daAuts
     D:2: 1279 daAuts
     D:3: 1108 daAuts
     D:5: 382 daAuts
